 Dungeon Crawl Stone Soup version 0.29.0-4-gdea44cf6ec (webtiles) character file.

Game seed: 18331610575635564646

355 qw the Chopper (level 6, -1/36 HPs)
             Began as a Tengu Warper on Aug 28, 2022.
             Engulfed by Blork the orc's steam (8 damage)
             ... on level 4 of the Dungeon.
             The game lasted 00:00:23 (4008 turns).

qw the Chopper (Tengu Warper)                       Turns: 4008, Time: 00:00:24

Health: -1/36      AC:  8    Str: 14    XL:     6   Next: 63%
Magic:  10/10      EV: 11    Int: 13    God:
Gold:   247        SH:  0    Dex: 13    Spells: 9/9 levels left

rFire   . . .      SeeInvis +   Y - +2 hand axe (flame)
rCold   . . .      Faith    .   (no shield)
rNeg    . . .      Spirit   .   p - +0 chain mail
rPois   .          Reflect  .   (helmet restricted)
rElec   .          Harm     .   (no cloak)
rCorr   .          Rampage  .   (no gloves)
Will    .....                   (boots unavailable)
Stlth   ..........              (no amulet)
HPRegen 0.12/turn               h - +4 ring of evasion
MPRegen 0.12/turn               q - ring of see invisible

@: about to teleport, flying quickly and evasively, quick
A: beak, talons 3, nimble flight
a: no special abilities


You were on level 4 of the Dungeon.
You visited 1 branch of the dungeon, and saw 4 of its levels.

You collected 247 gold pieces.


Innate Abilities, Weirdness & Mutations

You have a beak for a mouth.
You have claws for feet.
Your magical nature lets you fly swiftly and evasively.


   Skills:
 + Level 2.4 Fighting
 - Level 7.1 Axes
 - Level 1.0 Throwing
 - Level 2.0 Armour
 - Level 2.1 Dodging
 - Level 2.0 Spellcasting
 - Level 2.4 Translocations


You had 9 spell levels left.
You didn't know any spells.
Your spell library contained the following spells:

 Spells                   Type           Power      Damage    Failure   Level
 Blink                    Tloc           14%        N/A       98%         2
 Gell's Gravitas          Tloc           7%         N/A       100%        3
 Lesser Beckoning         Tloc           7%         N/A       100%        3
 Teleport Other           Tloc           7%         N/A       100%        3
 Manifold Assault         Tloc           7%         N/A       100%        5

Inventory:

Hand Weapons
 Y - a +2 hand axe of flaming (weapon)
Armour
 p - a +0 chain mail (worn)
Jewellery
 h - a +4 ring of evasion (left hand)
 q - a ring of see invisible (right hand)
Potions
 a - a potion of berserk rage {unknown}
 b - a potion of lignification {unknown}
 e - a potion of curing
 f - a potion of flight {unknown}
 g - a potion of mutation {unknown}
 i - a potion of might {unknown}
 j - a potion of experience {unknown}
 l - a potion of ambrosia {unknown}
 m - a potion of invisibility {unknown}

Dungeon Overview and Level Annotations

Branches:
Dungeon (4/15)
 Temple: D:4-7

Altars:
Cheibriados
The Shining One

Annotations:
D:3 3 runed translucent doors, qw's ghost, amateur TeWr
D:4 Blork the orc


Message History

The orc is moderately wounded.
The orc barely misses you.
You barely miss the orc. Your kick misses the orc. Your peck misses the orc.
The orc is moderately wounded.
The orc hits you but does no damage.
You slash the orc! You burn the orc.
You kill the orc!
You see here a +0 club.
Found an escape hatch in the floor.
Blork the orc comes into view.
He is wielding a +0 mace.
Blork the orc shouts!
Blork the orc gestures wildly while chanting.
Blork the orc seems to speed up.
Blork the orc hits you with a +0 mace. Blork the orc closely misses you.
You hit Blork the orc but do no damage.
Blork the orc drinks a potion.
Blork the orc's spells are empowered!
You closely miss Blork the orc. You claw Blork the orc.
Blork the orc is lightly wounded.
Blork the orc hits you with a +0 mace. x2
You hit Blork the orc. You burn Blork the orc.
Blork the orc is lightly wounded.
Blork the orc casts a spell at you. The magic dart hits you!
You closely miss Blork the orc. Your peck misses Blork the orc.
Blork the orc is lightly wounded.
Blork the orc hits you with a +0 mace.
Blork the orc hits you but does no damage.
You barely miss Blork the orc. Your peck misses Blork the orc.
Blork the orc is lightly wounded.
Blork the orc gestures at you while chanting.
The puff of flame misses you.
You barely miss Blork the orc.
Blork the orc is lightly wounded.
You are engulfed in a cloud of scalding steam.
Blork the orc hits you with a +0 mace.
4008 ||| READING scroll of teleportation.
As you read the scroll of teleportation, it crumbles to dust.
You feel strangely unstable.
You are engulfed in a cloud of scalding steam.
You die...

#.........# ##
###...######.##### #
##.......## #.# #
#.........###.## ##
....~~~....#...## #.
...~~~~~...####.########
..~~...~~.....#.#.......
..~~.>.~~.......#.~~~~~~
..~~..o@ยค.....#.#.~.....
...~~~~~...####)#.~.####
....~~~....###.##.~.#...
###.........##....#.~.#.~~
#.##.......#####.##.~.#.~.
#.####...### #...~.#.~..
### #.# #### #.#.~.#.~_.
..# #.# #.#.~.#.~~~ ###.#
#.# #.#.~.#....


You could see Blork the orc (fast, empowered).

Vanquished Creatures
  A phantom (D:4)
  A hound (D:4)
  An orc priest (D:4)
  Jessica (D:2)
  An iguana (D:4)
  2 orc wizards (D:4)
  6 adders
  2 worms (D:2)
  3 orcs (D:4)
  6 ball pythons
  6 endoplasms
  3 giant cockroaches
  5 goblins
  9 hobgoblins
  A quokka (D:3)
  6 bats
  4 frilled lizards
  10 kobolds
  3 rats
71 creatures vanquished.

Vanquished Creatures (others)
  4 plants (D:2)
4 creatures vanquished.

Grand Total: 75 creatures vanquished

Notes
Turn   | Place    | Note
-------+----------+-------------------------------------------
     0 | D:1      | qw the Tengu Warper began the quest for the Orb.
     0 | D:1      | Reached XP level 1. HP: 12/12 MP: 4/4
     0 | D:1      | 0 ||| qw: Version: 0.1-a-89-g26bdef1
     0 | D:1      | 0 ||| qw: Game counter: 2303
     0 | D:1      | 0 ||| qw: Always use a shield: true
     0 | D:1      | 0 ||| qw: God list: Okawaru
     0 | D:1      | 0 ||| qw: Allow faded altars: false
     0 | D:1      | 0 ||| qw: Do Orc after D:15 true
     0 | D:1      | 0 ||| qw: Do second Lair branch before Depths: true
     0 | D:1      | 0 ||| qw: Lair rune preference: random
     0 | D:1      | 0 ||| qw: Plans: Normal
     0 | D:1      | 0 ||| PLANNING D:1-11
   186 | D:1      | Reached skill level 3 in Axes
   186 | D:1      | Reached XP level 2. HP: 15/17 MP: 6/6
   267 | D:1      | 267 ||| Stepping ~*~*~tactically~*~*~ (stealth).
   703 | D:1      | 703 ||| UPGRADING to +0 scale mail.
   713 | D:1      | 713 ||| DROPPING +0 leather armour.
   714 | D:1      | 714 ||| DROPPING +0 ring mail.
   715 | D:1      | 715 ||| UPGRADING to +4 ring of evasion.
   716 | D:1      | 716 ||| READING scroll labelled ASMUPN JUERPH.
   719 | D:1      | 719 ||| READING scroll labelled BOATEF MAUMN.
   720 | D:1      | 720 ||| DRINKING 2 fuming emerald potions.
   721 | D:1      | 721 ||| DROPPING scroll of blinking.
   819 | D:2      | Reached XP level 3. HP: 19/21 MP: 7/7
   826 | D:2      | Reached skill level 4 in Axes
   942 | D:2      | Noticed Jessica
   958 | D:2      | HP: 2/21 [Jessica/nerve-wracking pain (6)]
   960 | D:2      | Killed Jessica
   961 | D:2      | Reached XP level 4. HP: 3/26 MP: 8/8
  1429 | D:2      | Reached skill level 5 in Axes
  1492 | D:2      | 1492 ||| Stepping ~*~*~tactically~*~*~ (stealth).
  1493 | D:2      | 1493 ||| Stepping ~*~*~tactically~*~*~ (stealth).
  1754 | D:2      | 1754 ||| UPGRADING to +0 chain mail.
  1764 | D:2      | 1764 ||| DROPPING +0 scale mail.
  1765 | D:2      | 1765 ||| DROPPING amulet of faith.
  1766 | D:2      | 1766 ||| UPGRADING to ring of see invisible.
  1767 | D:2      | 1767 ||| READING scroll labelled TIUCARPHIOGG.
  1768 | D:2      | 1768 ||| READING scroll labelled NYNEPO VOASE.
  1769 | D:2      | 1769 ||| READING 2 scrolls labelled FUETOWA WAGULA.
  1770 | D:2      | 1770 ||| DROPPING scroll of vulnerability.
  1822 | D:3      | 1822 ||| Stepping ~*~*~tactically~*~*~ (stealth).
  1834 | D:3      | Gained mutation: Your magical nature lets you fly swiftly
                  | and evasively. [Tengu growth]
  1834 | D:3      | Reached XP level 5. HP: 10/30 MP: 9/9
  2042 | D:3      | 2042 ||| FLEEEEING.
  2043 | D:3      | 2043 ||| FLEEEEING.
  2055 | D:3      | 2055 ||| FLEEEEING.
  2056 | D:3      | 2056 ||| FLEEEEING.
  2060 | D:3      | 2060 ||| FLEEEEING.
  2061 | D:3      | 2061 ||| FLEEEEING.
  2067 | D:3      | 2067 ||| STAIRDANCE
  2255 | D:3      | 2255 ||| STAIRDANCE
  2525 | D:3      | Found a runed translucent gate.
  2525 | D:3      | Noticed qw's ghost (amateur TeWr)
  2526 | D:3      | Found a runed translucent gate.
  2539 | D:3      | Found a runed translucent gate.
  2704 | D:3      | 2704 ||| SWAPPING to +2 hand axe of flaming.
  2705 | D:3      | 2705 ||| DROPPING +2 mace of protection.
  2706 | D:3      | 2706 ||| DROPPING +0 hand axe of chaos.
  2709 | D:3      | 2709 ||| Stepping ~*~*~tactically~*~*~ (stealth).
  2712 | D:3      | 2712 ||| Stepping ~*~*~tactically~*~*~ (stealth).
  2947 | D:3      | 2947 ||| READING scroll labelled NIAXTI JIXOUFF.
  2948 | D:3      | 2948 ||| READING scroll labelled WABAWY GUCA.
  3013 | D:4      | Found a glowing golden altar of the Shining One.
  3016 | D:4      | Found a snail-covered altar of Cheibriados.
  3028 | D:4      | Reached skill level 6 in Axes
  3186 | D:4      | 3186 ||| Stepping ~*~*~tactically~*~*~ (stealth).
  3190 | D:4      | 3190 ||| Stepping ~*~*~tactically~*~*~ (stealth).
  3199 | D:4      | 3199 ||| DRINKING 2 potions of curing.
  3199 | D:4      | 3199 ||| (to cure confusion)
  3201 | D:4      | HP: 6/30 [orc priest/divine providence (14)]
  3202 | D:4      | 3202 ||| READING 2 scrolls of teleportation.
  3514 | D:4      | Noticed a phantom
  3523 | D:4      | Killed a phantom
  3524 | D:4      | Reached XP level 6. HP: 30/35 MP: 10/10
  3730 | D:4      | 3730 ||| Stepping ~*~*~tactically~*~*~ (stealth).
  3731 | D:4      | 3731 ||| Stepping ~*~*~tactically~*~*~ (stealth).
  3740 | D:4      | Reached skill level 7 in Axes
  3793 | D:4      | 3793 ||| READING scroll labelled VEN AJ BIVOA.
  3794 | D:4      | 3794 ||| READING scroll labelled SELIXKU YXKU.
  3986 | D:4      | 3986 ||| Stepping ~*~*~tactically~*~*~ (stealth).
  3997 | D:4      | Noticed Blork the orc
  4007 | D:4      | HP: 8/36 [Blork the orc] (4)]
  4008 | D:4      | 4008 ||| READING scroll of teleportation.
  4008 | D:4      | Engulfed by Blork the orc's steam

Levels and vault maps discovered:
D:1:      dpeg_arrival_round_a, layout_basic, st_stairs_1
D:2:      minmay_wonky_spiral, layout_basic, guppyfry_early_lair_pool,
          uniq_jessica
D:3:      layout_rooms, biasface_ghost_orc_armoury, item_on_display_a
D:4:      layout_loops_corners, nicolae_overflow_squiral, tgw_sif,
          nicolae_elyvilon_peaceful_grove, minmay_strange_pillars,
          kennysheep_generic_room_6

Skill      XL: |  1  2  3  4  5  6 |
---------------+-------------------+-----
Axes           | 3 4 5 6 7 |  7.1
Armour         | 2 |  2.0
Fighting       | |  2.4
Throwing       | |  1.0
Dodging        | |  2.1
Spellcasting   | |  2.0
Translocations | |  2.4

Action                   |  1- 3 |  4- 6 || total
-------------------------+-------+-------++-------
Melee: Hand axe          |    74 |   105 ||   179
       Kick              |    11 |    26 ||    37
       Peck              |    11 |    18 ||    29
       Punch             |       |     1 ||     1
Throw: Boomerang         |    10 |    40 ||    50
  Use: Scroll            |     2 |     9 ||    11
       Potion            |     1 |     1 ||     2
Armor: Leather armour    |     9 |       ||     9
       Scale mail        |    17 |     5 ||    22
       Chain mail        |       |    25 ||    25
Dodge: Dodged            |    39 |    41 ||    80

Table legend:
 A = Non-vault XP
 B = Vault XP
 C = Vault XP percentage of total XP
 D = Non-vault monster count
 E = Vault monster count
 F = Vault count percentage of total count
                 A         B        C        D         E       F
            +---------+---------+-------+---------+---------+-------
      Total |     350 |     158 |  31.1 |      59 |      12 |  16.9
            +---------+---------+-------+---------+---------+-------
        D:1 |      22 |       3 |  12.0 |      14 |       2 |  12.5
        D:2 |      75 |      52 |  40.9 |      16 |       7 |  30.4
        D:3 |      53 |       0 |   0.0 |      20 |       0 |   0.0
        D:4 |     200 |     103 |  34.0 |       9 |       3 |  25.0
            +---------+---------+-------+---------+---------+-------
